Map: Zen LE

Players

antagomiR

  • Race: Zerg Zerg
  • League: Gold
  • Spawn Location: 7:00

Zmordron - Winner!

  • Race: Terran Terran
  • League: Platinum
  • Spawn Location: 1:00

VOD

Have the link to the VOD?

Description

Time

  • Played on: April 7, 2020, 12:18 a.m.
  • Length: 6:24
Show
View Real Time Build Order
Export as new Build Order

antagomiR Zerg 

Build Orders: Pool First 

Get SALT Encoding   

  12  0:03  Drone  
  13  0:12  Drone  
  14  0:19  Overlord  
  14  0:42  Drone  
  15  0:52  Spawning Pool  
  15  0:56  Drone  
  15  1:05  Drone  
  15  1:06  Overlord  
  16  1:41  Drone x3  
  19  1:57  Zergling x2  
  20  2:09  Extractor  
  20  2:11  Drone  
  20  2:17  Drone  
  22  2:37  Zergling x4  
  23  2:50  Drone  
  24  3:07  Zergling x2  
  24  3:12  Drone  
  26  3:16  Metabolic Boost  
  26  3:33  Drone  
  27  3:35  Zergling x2  
  27  3:40  Drone  
  29  3:55  Zergling x2  
  30  4:09  Overlord  
  29  4:24  Zergling x2  
  30  4:41  Zergling x2  
  30  4:42  Zergling x2  
  32  5:02  Zergling x2  
  32  5:03  Zergling x2  
  33  5:14  Zergling x2  
  34  5:26  Zergling x2  
  34  5:27  Hatchery  
  34  5:38  Zergling x4  
  35  6:04  Hatchery  
Show
View Real Time Build Order
Export as new Build Order

Zmordron Terran - Winner!

Build Orders: Reaper Expand 

Get SALT Encoding   

  12  0:01  SCV  
  13  0:14  SCV  
  14  0:20  Supply Depot  
  14  0:28  SCV  
  15  0:41  SCV  
  16  0:45  Barracks  
  16  1:02  Supply Depot  
  16  1:10  Refinery  
  16  1:11  SCV  
  17  1:23  SCV  
  18  1:33  Supply Depot  
  18  1:38  Orbital Command  
  18  1:57  Reaper  
  18  1:59  Barracks  
  19  2:04  Refinery  
  19  2:20  Command Center  
  20  2:30  SCV  
  20  2:42  SCV  
  21  2:44  Supply Depot  
  21  2:54  SCV  
  21  2:56  Marine  
  23  2:58  Marine  
  24  3:06  SCV  
  25  3:18  SCV, Factory  
  26  3:30  SCV, Barracks Reactor, Barracks Tech Lab  
  27  3:42  SCV  
  28  3:48  Orbital Command  
  28  3:54  SCV  
  29  3:59  Supply Depot  
  29  4:01  Supply Depot  
  29  4:02  Supply Depot  
  29  4:06  SCV  
  30  4:18  SCV  
  30  4:23  SCV  
  32  4:31  SCV  
  33  4:32  Starport  
  33  4:34  Marine  
  33  4:35  Marine, SCV  
  33  4:38  Factory Tech Lab  
  36  4:43  SCV  
  37  4:47  SCV  
  37  4:52  Marine x2  
  38  4:53  Marauder  
  38  4:55  SCV, Combat Shield  
  42  5:00  Siege Tank  
  42  5:03  SCV  
  46  5:15  SCV, Marauder  
  46  5:20  Fusion Core  
  46  5:21  Starport Tech Lab  
  49  5:32  Command Center  
  49  5:40  Orbital Command  
  49  5:58  Orbital Command  
Tags
 
Matchup
TvZ
Replay Pack
20200422
Spawn Locations
Cross Positions
Add a new tag
Caveats
  • Supply blocks, unpowered buildings, or Contaminate may cause inaccurate times.
  • Supply counts are checked every 10 seconds.